 Dungeon Crawl Stone Soup version 0.22.1-2-g9c5b331383 (webtiles) character file.

212 Morrissey the Skirmisher (level 5, -5/33 HPs)
             Began as a Gargoyle Fighter on Dec 6, 2018.
             Slain by a mummy (13 damage)
             ... in an ossuary.
             The game lasted 00:04:08 (1980 turns).

Morrissey the Skirmisher (Gargoyle Fighter)         Turns: 1980, Time: 00:04:09

Health: -5/33      AC: 12    Str: 19    XL:     5   Next: 89%
Magic:  5/5        EV:  7    Int:  9    God:
Gold:   174        SH: 10    Dex: 10    Spells: 4/4 levels left

rFire    . . .     SeeInvis .   a - +0 flail
rCold    . . .     Gourm    .   c - +1 shield
rNeg     + . .     Faith    .   b - +0 scale mail
rPois    ∞         Spirit   .   w - +0 helmet (curse)
rElec    +         Reflect  .   (no cloak)
rCorr    .         Harm     .   (no gloves)
MR       .....                  (no boots)
Stlth    ..........             (no amulet)
HPRegen  0.11/turn              (no ring)
MPRegen  0.09/turn              (no ring)

@: no status effects
A: negative energy resistance 1, electricity resistance, unbreathing,
petrification resistance, rot immunity, AC +4
a: no special abilities


You were in an ossuary.
You were not hungry.

You visited 1 branch of the dungeon, and saw 4 of its levels.
You also visited: Ossuary.

You collected 174 gold pieces.

Inventory:

Hand Weapons
 a - a +0 flail (weapon)
Armour
 b - a +0 scale mail (worn)
 c - a +1 shield (worn)
 w - a cursed +0 helmet (worn)
Scrolls
 i - a scroll of magic mapping
 j - 3 scrolls of remove curse {unknown}
Potions
 d - a potion of might
 e - a potion of flight {unknown}
 h - a potion of brilliance {unknown}
 k - a potion of haste {unknown}
 l - 2 potions of heal wounds {unknown}
 o - 2 potions of ambrosia {unknown}
 u - a potion of magic {unknown}
Comestibles
 f - 6 rations
 g - 3 chunks of flesh


   Skills:
 + Level 4.3 Fighting
 * Level 4.0 Maces & Flails
 + Level 4.2 Armour
 + Level 4.2 Shields


You had 4 spell levels left.
You didn't know any spells.
Your spell library was empty.

Dungeon Overview and Level Annotations

Branches:
Dungeon (4/15)
 Temple: D:4-7

Altars:
Nemelex Xobeh


Innate Abilities, Weirdness & Mutations

You are resistant to torment.
Your stone body is resilient. (AC +4)
You are immune to poison.
You resist negative energy. (rN+)
You are resistant to electric shocks. (rElec)
You can survive without breathing.
You are immune to petrification.
You are immune to rotting.


Message History

You sock the mummy!
The mummy is heavily damaged.
You block the mummy's attack. The mummy hits you.
You hit the mummy.
The mummy is severely damaged.
You block the mummy's attack. The mummy hits you!
You are too injured to fight recklessly!
You are too injured to fight recklessly!
You are too injured to fight recklessly!
You hit the mummy.
The mummy is severely damaged.
You hit the mummy but do no damage.
The mummy is severely damaged.
The mummy hits you!
* * * LOW HITPOINT WARNING * * *
The mummy completely misses you.
You hit the mummy.
The mummy is almost destroyed.
The mummy hits you!
You die...

####
#..######
##@.....#
#MM.∩.∩.+
##......#
#..######
####


You could see 2 mummies.

Vanquished Creatures
  An orc wizard (D:3)
  A mummy (Ossuary)
  8 adders
  2 oozes
  4 worms
  A dart slug (D:2)
  4 leopard geckos
  4 orcs (D:3)
  3 giant cockroaches (D:1)
  A gnoll zombie (D:4)
  4 goblins
  8 hobgoblins
  2 jackals (D:1)
  8 kobolds
  A ball python (D:1)
  10 bats
  6 frilled lizards
  A hobgoblin zombie (D:4)
  5 rats
74 creatures vanquished.

Notes
Turn   | Place    | Note
-------+----------+-------------------------------------------
     0 | D:1      | Morrissey the Gargoyle Fighter began the quest for the Orb.
     0 | D:1      | Reached XP level 1. HP: 14/14 MP: 1/1
    78 | D:1      | Reached XP level 2. HP: 19/19 MP: 2/2
   298 | D:1      | You fall through a shaft!
   315 | D:2      | Reached XP level 3. HP: 22/23 MP: 3/3
   748 | D:2      | Reached XP level 4. HP: 29/29 MP: 4/4
  1225 | D:3      | Reached XP level 5. HP: 33/33 MP: 5/5
  1407 | D:3      | Found a sparkling altar of Nemelex Xobeh.
  1960 | D:4      | Found a sand-covered staircase.
  1970 | Ossuary  | Entered an ossuary
  1980 | Ossuary  | Slain by a mummy

Skill      XL: |  1  2  3  4  5 |
---------------+----------------+-----
Maces & Flails | 3 4 |  4.0
Armour         | 4 |  4.2
Fighting       | 4 |  4.3
Shields        | 4 |  4.2

Action                   |  1- 3 |  4- 6 || total
-------------------------+-------+-------++-------
Melee: Flail             |   120 |   188 ||   308
  Use: Scroll            |       |     8 ||     8
  Eat: Chunk             |       |     4 ||     4
Armor: Scale mail        |    61 |   125 ||   186
Dodge: Dodged            |    40 |    79 ||   119
Block: Shield            |    63 |   105 ||   168
